 Dungeon Crawl Stone Soup version 0.26.1-11-gd32895ea62 (webtiles) character file.

Game seed: 1891671713352959587

1430 nothank2 the Covert (level 8, -5/34 (37) HPs)
             Began as a Spriggan Enchanter on June 13, 2021.
             Was a Follower of Dithmenos.
             Slain by a wight
             ... wielding a +0 great sword
              (15 damage)
             ... on level 5 of the Dungeon.
             The game lasted 00:30:58 (8246 turns).

nothank2 the Covert (Spriggan Enchanter)            Turns: 8246, Time: 00:30:58

HP:   -5/34 (37)    AC:  5    Str:  4    XL:     8   Next: 45%
MP:   15/15         EV: 18    Int: 16    God:    Dithmenos [*.....]
Gold: 31            SH:  7    Dex: 19    Spells: 12/15 levels left

rFire    . . .     SeeInvis +   f - +2 short sword (speed)
rCold    + . .     Faith    .   w - +0 buckler
rNeg     . . .     Spirit   .   x - +1 robe {Will+}
rPois    .         Reflect  .   (helmet restricted)
rElec    .         Harm     .   d - +1 cloak
rCorr    .         Rampage  .   (gloves unavailable)
Will     ++...                  (boots unavailable)
Stlth    ++++++....             (no amulet)
HPRegen  0.11/turn              r - ring of protection from cold
MPRegen  0.14/turn              (no ring)

@: wreathed by umbra, drained, very quick
A: very small, unfitting armour, see invisible, speed 3
a: Renounce Religion


You were on level 5 of the Dungeon.
You worshipped Dithmenos.
Dithmenos was aware of your devotion.
You visited 2 branches of the dungeon, and saw 7 of its levels.
You also visited: Sewer.

You collected 268 gold pieces.
You spent 237 gold pieces at shops.

Inventory:

Hand Weapons
 a - a +3 dagger
 f - a +2 short sword of speed (weapon)
 u - a +1 dagger of venom
Armour
 b - a +0 robe
 d - a +1 cloak (worn)
 v - a +1 robe of cold resistance
 w - a +0 buckler (worn)
 x - a +1 robe of willpower (worn)
Jewellery
 r - a ring of protection from cold (left hand)
 y - an uncursed amulet of faith {unknown}
Wands
 o - a wand of random effects (10)
 p - a wand of iceblast (9)
 t - a wand of enslavement (7)
Scrolls
 e - a scroll of fog
 g - 8 scrolls of identify
 h - 6 scrolls of teleportation
 k - a scroll of blinking
 l - a scroll of fear
 m - 9 scrolls of remove curse
Potions
 c - 2 potions of haste {unknown}
 i - 2 potions of magic {unknown}
 j - a potion of heal wounds
 n - 3 potions of curing
 q - 2 potions of might {unknown}
 s - 2 potions of flight {unknown}


   Skills:
 * Level 0.4 Fighting
 + Level 1.5 Short Blades
 - Level 3.0 Dodging
 - Level 11.5 Stealth
 - Level 4.1 Shields
 + Level 4.1 Spellcasting
 + Level 6.1 Hexes
 - Level 0.5 Ice Magic


You had 12 spell levels left.
You knew the following spells:

 Your Spells              Type           Power        Failure   Level
a - Corona                Hex            25%          1%          1
b - Ensorcelled Hibernat  Hex/Ice        26%          8%          2

Your spell library contained the following spells:

 Spells                   Type           Power        Failure   Level
 Confusing Touch          Hex            23%          4%          3
 Tukima's Dance           Hex            23%          4%          3
 Dazzling Flash           Conj/Hex       26%          17%         3
 Magic Dart               Conj           12%          21%         1
 Searing Ray              Conj           6%           30%         2
 Fulminant Prism          Conj/Hex       6%           50%         4
 Iskenderun's Mystic Bla  Conj/Tloc      3%           90%         4


Dungeon Overview and Level Annotations

Branches:
Dungeon (6/15)             Temple (1/1) D:5           Sewer (visited)

Altars:
Ashenzari
Cheibriados
Dithmenos
Elyvilon
Fedhas
Gozag
Ru
Sif Muna
Trog
Uskayaw
Vehumet
Wu Jian
Xom

Shops:
D:5 [

Annotations:
D:3 Zeld's ghost, amateur DrGl


Innate Abilities, Weirdness & Mutations

You are very small and have problems with some larger weapons.
You are too small for most types of armour.
You have supernaturally acute eyesight. (SInv)
You cover ground extremely quickly.


Message History

The wight is almost destroyed.
You hit the wight but do no damage.
The wight is almost destroyed.
The wight closely misses you.
You hit the wight but do no damage.
The wight is almost destroyed.
You hit the wight but do no damage.
The wight is almost destroyed.
The wight barely misses you.
You closely miss the wight.
The wight is almost destroyed.
You barely miss the wight.
The wight is almost destroyed.
The wight misses you.
You hit the wight but do no damage.
The wight is almost destroyed.
You hit the wight but do no damage.
The wight is almost destroyed.
The wight hits you with a +0 great sword!
You die...

##P≈..≈♣≈...≈≈P≈♣♣≈≈≈.≈##...##.
##...≈♣###..P≈≈≈♣♣≈≈........#.
#...♣♣ ##≈≈≈≈♣♣≈P≈..........
#...# #.≈P≈≈♣≈♣≈P...>.....<
##.### #.≈≈P≈≈≈♣≈≈≈P........
##...######..≈≈†≈≈≈♣≈≈≈P.P.....
#......##....###≈P≈≈♣≈≈≈P.....#
#....#.##.#####z.#≈≈.P≈♣≈≈≈..##
#.#.##........@.....P.≈P≈≈≈≈##
#...#####.#########...≈≈PP≈≈#
#..## #.# #.####...≈# #..# #.#
#.# ###.## #..#
#.#########.#####...# ##..#
#..........#......#.# ##.#.##
#########.###.###...###
#.###.## ########.#....⌠.(...>
.## ##.# #.................##.


You could see a wight.

Vanquished Creatures
  A necrophage (D:5)
  An ogre (D:4)
  A centaur (D:5)
  3 big kobolds (Sewer)
  Blork the orc (D:5)
  A scorpion (D:5)
  A howler monkey (D:3)
  2 bullfrog zombies
  A centaur zombie (D:6)
  An orc priest (D:4)
  3 hounds
  Ijyb (D:4)
  Natasha (thrice) (D:3)
  An iguana (D:4)
  An orc wizard (D:4)
  2 worker ants
  17 adders
  3 river rats
  A shadow imp (D:5)
  A white imp (D:5)
  An ufetubus (D:5)
  8 oozes
  An adder zombie (D:5)
  11 worms
  2 dart slugs
  4 leopard geckos
  10 orcs
  9 bats
  4 giant cockroaches
  11 goblins
  3 hobgoblins
  12 jackals
  3 quokkas
  4 ball pythons
  6 frilled lizards
  19 kobolds
  A leopard gecko zombie (D:6)
  A quokka skeleton (D:4)
  15 rats
171 creatures vanquished.

Vanquished Creatures (others)
  78 plants (D:5)
78 creatures vanquished.

Grand Total: 249 creatures vanquished

Notes
Turn   | Place    | Note
-------+----------+-------------------------------------------
     0 | D:1      | nothank2 the Spriggan Enchanter began the quest for the
                  | Orb.
     0 | D:1      | Reached XP level 1. HP: 9/9 MP: 5/5
   334 | D:1      | Reached XP level 2. HP: 5/13 MP: 4/6
   342 | D:1      | Learned a level 2 spell: Ensorcelled Hibernation
   770 | D:1      | Reached skill level 5 in Stealth
   795 | D:1      | Reached XP level 3. HP: 7/16 MP: 1/8
  1671 | D:2      | Reached XP level 4. HP: 21/21 MP: 10/10
  1720 | D:2      | Reached skill level 6 in Stealth
  2378 | D:3      | Noticed Natasha
  2381 | D:3      | Killed Natasha
  2382 | D:3      | Reached skill level 7 in Stealth
  2540 | D:3      | Reached XP level 5. HP: 18/24 MP: 5/11
  2665 | D:3      | Found a runed translucent gate.
  2738 | D:3      | Noticed Natasha
  2749 | D:3      | Found a sacrificial altar of Ru.
  2820 | D:3      | Killed Natasha
  2963 | D:3      | Reached skill level 8 in Stealth
  3476 | D:3      | Found a runed translucent gate.
  3476 | D:3      | Found a runed translucent gate.
  3476 | D:3      | Found an opulent altar of Gozag.
  3478 | D:3      | Noticed a phantom
  3478 | D:3      | Noticed Zeld's ghost (amateur DrGl)
  3496 | D:3      | Noticed Natasha
  3505 | D:3      | Killed Natasha
  3560 | D:4      | Reached skill level 9 in Stealth
  3560 | D:4      | Reached XP level 6. HP: 28/28 MP: 12/12
  3932 | D:4      | Reached skill level 10 in Stealth
  4473 | D:4      | Noticed Ijyb
  4475 | D:4      | Killed Ijyb
  4652 | D:4      | Reached XP level 7. HP: 32/32 MP: 13/13
  4782 | D:4      | Reached skill level 11 in Stealth
  4974 | D:5      | Entered Level 5 of the Dungeon
  4974 | D:5      | Noticed Blork the orc
  4999 | D:5      | Killed Blork the orc
  5174 | D:5      | Found Muysayco's Antique Armour Boutique.
  5187 | D:5      | Bought a buckler for 130 gold pieces
  5187 | D:5      | Bought a runed robe for 107 gold pieces
  5350 | D:5      | Found a staircase to the Ecumenical Temple.
  5369 | Temple   | Entered the Ecumenical Temple
  5378 | Temple   | Became a worshipper of Dithmenos the Shadowed
  5406 | D:5      | Reached skill level 5 in Hexes
  5435 | D:5      | Found a glowing drain.
  5440 | Sewer    | Entered a sewer
  5506 | Sewer    | Reached skill level 1 in Shields
  6060 | Sewer    | Reached * piety under Dithmenos
  6308 | Sewer    | Reached XP level 8. HP: 31/36 MP: 10/15
  7291 | D:5      | Found a shimmering altar of Xom.
  8246 | D:5      | Slain by a wight

Illustrated notes

Levels and vault maps discovered:
D:1:      mrwooster_arrival_statue, layout_rooms
D:2:      layout_basic
D:3:      layout_loops_corners, ebering_ghost_gozag, hangedman_ru_absence,
          uniq_natasha
D:4:      layout_gridville, serial_rivers, chequers_serial_rivers_micro_d,
          chequers_serial_rivers_micro_b, chequers_serial_rivers_micro_b,
          chequers_serial_rivers_small_3, chequers_serial_rivers_small_3,
          uniq_ijyb
D:5:      layout_loops_ring, general_overflow_altar, temple_fountains,
          lightli_sewer_entry_pipes, serial_bayou, serial_bayou_pond_d,
          serial_bayou_lagoon_a, serial_bayou_lake_a, serial_bayou_ford_a,
          serial_shops, nicolae_shop_window_shopping, grunt_ministairs_10,
          minivault_11, uniq_blork_the_orc
D:6:      layout_cave_pools, uniq_menkaure
Temple:   grunt_wide_crystal_templ

Skill      XL: |  1  2  3  4  5  6  7  8 |
---------------+-------------------------+-----
Hexes          | 4 6 |  6.1
Spellcasting   | 3 4 |  4.1
Stealth        | 5 7 9 10 11 | 11.5
Shields        | 2 4 |  4.1
Fighting       | |  0.4
Short Blades   | |  1.5
Dodging        | |  3.0
Ice Magic      | |  0.5

Action                   |  1- 3 |  4- 6 |  7- 9 || total
-------------------------+-------+-------+-------++-------
Melee: Dagger            |   149 |   180 |       ||   329
       Short sword       |       |     7 |   364 ||   371
 Cast: Corona            |     5 |       |    12 ||    17
       Ensorcelled Hiber |    11 |    30 |    61 ||   102
Evoke: Wand              |       |       |     2 ||     2
  Use: Scroll            |     6 |     8 |     1 ||    15
       Potion            |       |     1 |       ||     1
 Stab: Sleeping          |    14 |    35 |    45 ||    94
       Distracted        |       |     1 |       ||     1
Armor: Robe              |    23 |    20 |    28 ||    71
Dodge: Dodged            |   137 |   132 |   199 ||   468
Block: Buckler           |       |       |    88 ||    88
